 Dungeon Crawl Stone Soup version 0.28-a0-476-g0f06bd746f (webtiles) character file.

Game seed: 1423009351657181110

6 speeev33 the Vandal (level 1, -2/18 HPs)
             Began as a Minotaur Hunter on Sept 17, 2021.
             Slain by a quokka (4 damage)
             ... on level 1 of the Dungeon.
             The game lasted 00:01:23 (86 turns).

speeev33 the Vandal (Minotaur Hunter)                 Turns: 86, Time: 00:01:23

Health: -2/18      AC:  3    Str: 16    XL:     1   Next: 75%
Magic:  0/0        EV:  8    Int:  8    God:
Gold:   0          SH:  6    Dex: 10    Spells: 0/0 levels left

rFire   . . .      SeeInvis .   a - +1 hunting sling
rCold   . . .      Faith    .   h - +0 kite shield
rNeg    . . .      Spirit   .   c - +0 leather armour
rPois   .          Reflect  .   (helmet restricted)
rElec   .          Harm     .   (no cloak)
rCorr   .          Rampage  .   (no gloves)
Will    .....                   (no boots)
Stlth   +.........              (no amulet)
HPRegen 0.06/turn               (no ring)
MPRegen 0.07/turn               (no ring)

@: no status effects
A: horns 2, retaliatory headbutt
a: no special abilities


You were on level 1 of the Dungeon.
You visited 1 branch of the dungeon, and saw 1 of its levels.

Inventory:

Hand Weapons
 a - a +1 hunting sling (weapon)
 b - a +0 short sword
Missiles
 d - 4 sling bullets (quivered ammo)
 e - 36 stones
 f - 4 boomerangs
Armour
 c - a +0 leather armour (worn)
 h - a +0 kite shield (worn)
Potions
 g - a potion of magic {unknown}


   Skills:
 + Level 2.6 Fighting
 + Level 4.4 Slings
 + Level 0.6 Armour
 - Level 2.2 Dodging
 - Level 0.7 Stealth
 + Level 0.4 Shields


You couldn't memorise any spells.
You didn't know any spells.
Your spell library was empty.

Dungeon Overview and Level Annotations

Branches:
Dungeon (1/15)

Altars:


Innate Abilities, Weirdness & Mutations

You have a pair of horns on your head.
You reflexively headbutt those who attack you in melee.


Message History

Aim: a quokka (50% to hit)
You shoot a sling bullet. The sling bullet hits the quokka.
The quokka is moderately wounded.
The quokka bites you. You block the quokka's attack.
Fire: 8 sling bullets
Press: ? - help, Q - select action, (/) - cycle Shift-Dir - straight line, f/p - quokka
Aim: a quokka (moderately wounded, 48% to hit)
You shoot a sling bullet.
The sling bullet closely misses the quokka.
You block the quokka's attack.
Unknown command.
Fire: 7 sling bullets
Press: ? - help, Q - select action, (/) - cycle Shift-Dir - straight line, f/p - quokka
Aim: a quokka (moderately wounded, 50% to hit)
You shoot a sling bullet. The sling bullet hits the quokka.
The quokka is heavily wounded.
You block the quokka's attack.
Really attack while wielding your +1 hunting sling?
Okay, then.
Fire: 6 sling bullets
Press: ? - help, Q - select action, (/) - cycle Shift-Dir - straight line, f/p - quokka
Aim: a quokka (heavily wounded, 48% to hit)
You shoot a sling bullet.
The sling bullet hits the quokka but does no damage.
The quokka is heavily wounded.
You block the quokka's attack.
The quokka bites you but does no damage.
Unknown command.
Fire: 5 sling bullets
Press: ? - help, Q - select action, (/) - cycle Shift-Dir - straight line, f/p - quokka
Aim: a quokka (heavily wounded, 50% to hit)
You shoot a sling bullet. The sling bullet misses the quokka.
The quokka bites you.
* * * LOW HITPOINT WARNING * * *
The quokka bites you.
* * * LOW HITPOINT WARNING * * *
Okay, then.
You block the quokka's attack. The quokka bites you.
You die...

#.........###....#
..................##
......###.........#
.....# ##........#
..... #........#
..... ##........#
##.........#
...........###
........@....#
...####..r...# ...
#.##.### .. ...##.#
#####..# #.## ##.#
#..# #.##


You could see a quokka.

Vanquished Creatures
  A dart slug (D:1)
  A ball python (D:1)
  A hobgoblin (D:1)
  A kobold (D:1)
4 creatures vanquished.

Notes
Turn   | Place    | Note
-------+----------+-------------------------------------------
     0 | D:1      | speeev33 the Minotaur Hunter began the quest for the Orb.
     0 | D:1      | Reached XP level 1. HP: 18/18 MP: 0/0
    86 | D:1      | Slain by a quokka

Illustrated notes

Levels and vault maps discovered:
D:1:      minmay_arrival_four_circles, layout_rooms, minmay_lizard_pond

Action                   || total
-------------------------++-------
 Fire: Hunting sling     ||    18
Armor: Leather armour    ||     3
Dodge: Dodged            ||     5
Block: Kite shield       ||    10

Table legend: (Time is in decaauts)
 A = Elapsed time spent in this place.
 B = Non-inter-level travel time spent in this place.
 C = Inter-level travel time spent in this place.
 D = Time resting spent in this place.
 E = Time spent auto-exploring this place.
 F = Levels seen in this place.
 G = Mean time per level.
                   A        B        C        D        E       F      G
               +--------+--------+--------+--------+--------+-----+--------+
         Total |     89 |     89 |      0 |      0 |     12 |   1 |   89.0 |
       Dungeon |     89 |     89 |      0 |      0 |     12 |   1 |   89.0 |
               +--------+--------+--------+--------+--------+-----+--------+

Top non-repeatable levels by time:
     D:1: 89 daAuts
